Map: [EWC] Goldenaura

Players

herO - Winner!

  • Race: Protoss Protoss
  • Spawn Location: 5:00

Cure

  • Race: Terran Terran
  • Spawn Location: 12:00

Event: Esports World Cup 2024

VOD

Have the link to the VOD?

Description

Time

  • Played on: Aug. 16, 2024, 6:18 a.m.
  • Length: 15:56

All games in this series

Show
View Real Time Build Order
Export as new Build Order

herO Protoss - Winner!

Build Orders: 1 Gate Expand, Phoenix Opening 

Get SALT Encoding   

  12  0:00  Probe  
  13  0:12  Probe  
  14  0:17  Pylon  
  14  0:24  Probe (Chrono Boost)  
  16  0:36  Gateway, Probe (Chrono Boost)  
  16  0:43  Probe (Chrono Boost)  
  16  0:46  Assimilator  
  17  0:50  Probe  
  18  1:03  Probe  
  19  1:15  Probe  
  20  1:34  Cybernetics Core  
  20  1:41  Nexus  
  20  1:42  Probe, Pylon  
  20  1:46  Assimilator  
  21  1:54  Probe  
  21  2:06  Probe  
  21  2:07  Adept (Chrono Boost)  
  24  2:18  Probe  
  25  2:23  Stargate  
  25  2:24  Shield Battery  
  25  2:30  Probe  
  25  2:32  Stalker  
  28  2:39  Pylon  
  28  2:41  Warp Gate  
  28  2:44  Probe  
  29  2:53  Probe  
  29  2:56  Probe  
  31  3:02  Stalker  
  33  3:06  Probe  
  33  3:10  Phoenix (Chrono Boost)  
  36  3:19  Probe x2  
  38  3:25  Shield Battery  
  38  3:28  Phoenix (Chrono Boost)  
  38  3:32  Probe  
  41  3:39  Probe  
  40  3:44  Probe  
  40  3:47  Phoenix (Chrono Boost)  
  40  3:56  Probe x2  
  42  4:05  Phoenix (Chrono Boost)  
  42  4:09  Probe  
  45  4:10  Gateway  
  45  4:12  Probe (Chrono Boost)  
  46  4:21  Pylon, Probe (Chrono Boost)  
  48  4:29  Probe (Chrono Boost)  
  48  4:30  Probe (Chrono Boost)  
  49  4:35  Probe x2 (Chrono Boost)  
  51  4:42  Sentry  
  51  4:52  Nexus  
  51  4:53  Probe  
  51  4:54  Probe  
  53  5:00  Twilight Council  
  53  5:06  Probe x2  
  55  5:08  Forge  
  55  5:15  Sentry, Pylon  
  55  5:16  Zealot  
  55  5:18  Probe  
  55  5:19  Probe  
  61  5:23  Shield Battery  
  61  5:29  Shield Battery  
  61  5:30  Probe  
  61  5:33  Shield Battery, Probe  
  63  5:42  Shield Battery, Photon Cannon  
  63  5:45  Photon Cannon  
  63  5:49  Stalker, Sentry  
  67  5:54  Gateway  
  67  5:56  Protoss Ground Weapons Level 1 (Chrono Boost)  
  67  5:57  Probe  
  67  5:59  Probe  
  69  6:07  Charge (Chrono Boost)  
  69  6:09  Probe x2  
  71  6:14  Probe  
  72  6:19  Zealot x2  
  72  6:22  Probe  
  72  6:23  Probe  
  78  6:26  Probe  
  78  6:27  Gateway  
  78  6:31  Phoenix  
  81  6:34  Probe  
  81  6:35  Probe  
  81  6:37  Pylon  
  81  6:38  Probe  
  83  6:41  Pylon x2  
  83  6:45  Zealot x2  
  85  6:54  Pylon  
  83  6:55  Probe x2  
  83  6:59  Probe, Phoenix  
  86  7:07  Stalker x2  
  86  7:10  Zealot  
  86  7:11  Probe x2  
  86  7:12  Probe  
  84  7:23  Probe  
  84  7:24  Probe x2  
  87  7:30  Zealot x2  
  87  7:32  Zealot x2  
  87  7:36  Phoenix, Probe x3  
  92  7:48  Probe x3  
  89  7:53  Zealot x4  
  89  7:57  Assimilator  
  91  7:58  Assimilator  
  91  8:00  Gateway, Probe  
  91  8:01  Gateway  
  91  8:04  Robotics Facility, Probe x2  
  94  8:06  Assimilator x2  
  94  8:08  Protoss Ground Weapons Level 2 (Chrono Boost)  
  94  8:12  Probe  
  95  8:14  Pylon  
  93  8:20  Zealot x4  
  101  8:27  Pylon  
  101  8:32  Gateway  
  101  8:33  Blink  
  101  8:36  Shield Battery  
  101  8:37  Probe  
  101  8:38  Photon Cannon  
  102  8:45  Zealot x2, Sentry  
  102  8:46  Zealot  
  110  8:50  Pylon  
  110  8:51  Gateway  
  110  8:52  Pylon  
  110  8:53  Gateway  
  110  9:01  Immortal  
  114  9:08  Robotics Bay  
  114  9:11  Zealot, Sentry x2  
  114  9:12  Zealot x3  
  120  9:28  Nexus  
  118  9:31  Stalker  
  118  9:32  Stalker x2, Shield Battery  
  120  9:39  Zealot x3  
  115  9:51  Zealot  
  108  9:52  Probe  
  108  9:53  Probe x2  
  108  9:58  Zealot x3  
  106  10:00  Colossus (Chrono Boost)  
  110  10:09  Zealot x2  
  113  10:15  Stalker x2  
  113  10:20  Zealot x2  
  113  10:23  Sentry x2  
  113  10:24  Zealot  
  113  10:26  Protoss Ground Weapons Level 3 (Chrono Boost)  
  117  10:32  Extended Thermal Lance  
  105  10:42  Zealot x2  
  105  10:43  Colossus (Chrono Boost)  
  105  10:44  Probe x2  
  105  10:45  Probe  
  106  10:53  Zealot x2  
  110  11:01  Stalker x3  
  116  11:06  Photon Cannon  
  116  11:09  Probe x3  
  119  11:13  Zealot x2, Sentry  
  125  11:23  Disruptor (Chrono Boost)  
  125  11:24  Stalker x2  
  128  11:33  Zealot x4  
  136  11:41  Stalker x3  
  136  11:44  Probe  
  140  11:47  Probe x3  
  140  11:48  Probe  
  140  11:53  Disruptor (Chrono Boost), Robotics Facility  
  134  11:54  Pylon  
  134  11:59  Zealot x5  
  120  12:24  Disruptor  
  120  12:25  Zealot x7  
  120  12:26  Zealot x2  
  137  12:37  Probe x3  
  139  12:46  Nexus  
  139  12:47  Shield Battery  
  139  12:49  Zealot x8  
  139  12:51  Zealot  
  151  13:00  Protoss Ground Armor Level 1 (Chrono Boost)  
  151  13:04  Colossus x2 (Chrono Boost)  
  143  13:20  Zealot x9  
  155  13:38  Pylon  
  153  13:41  Disruptor x2 (Chrono Boost)  
  153  13:44  Zealot  
  153  13:47  Pylon  
  153  13:48  Pylon  
  163  13:50  Pylon  
  163  13:51  Nexus  
  163  13:52  Pylon  
  163  13:56  Pylon  
  163  13:58  Shield Battery  
  159  14:07  Disruptor x2 (Chrono Boost)  
  161  14:21  Zealot x9  
  177  14:29  Probe x4  
  181  14:32  Photon Cannon  
  181  14:33  Nexus  
  181  14:36  Pylon  
  177  14:45  Stalker x5  
  181  14:52  Zealot x3  
  191  14:57  Disruptor  
  195  15:02  Zealot  
  197  15:09  Zealot  
  199  15:17  Dark Shrine  
  199  15:23  Gateway  
  199  15:24  Gateway  
  199  15:26  Gateway  
  197  15:30  Gateway  
  197  15:33  Gateway  
  155  15:51  Zealot x9  
Show
View Real Time Build Order
Export as new Build Order

Cure Terran 

Build Orders:  

Get SALT Encoding   

  12  0:00  SCV  
  13  0:12  SCV  
  14  0:17  Supply Depot  
  14  0:24  SCV  
  14  0:28  Refinery  
  15  0:38  SCV  
  16  0:45  Barracks  
  16  0:50  SCV  
  17  1:03  SCV  
  18  1:06  Engineering Bay  
  18  1:15  SCV  
  19  1:34  Orbital Command, Marine  
  20  1:41  Factory  
  20  1:53  Barracks Reactor  
  20  1:58  Supply Depot  
  20  2:00  SCV  
  21  2:12  SCV  
  22  2:21  Command Center  
  22  2:32  Hellion x2  
  26  2:37  Supply Depot  
  26  2:41  SCV  
  27  2:53  Hellion  
  27  2:54  Hellion  
  27  2:57  Barracks Tech Lab  
  31  2:59  SCV  
  32  3:13  SCV  
  32  3:17  Barracks  
  33  3:25  SCV  
  34  3:28  Marine  
  34  3:29  Marine, Cyclone  
  34  3:33  Orbital Command  
  38  3:38  SCV  
  37  3:50  SCV  
  37  3:51  Marine x2  
  36  3:56  Barracks  
  36  4:01  Cyclone  
  36  4:02  SCV x2  
  40  4:05  Barracks Tech Lab  
  40  4:11  Marine x2  
  40  4:14  SCV x2  
  44  4:18  Supply Depot  
  44  4:25  Marine, Stimpack  
  44  4:26  SCV x2  
  44  4:29  Marine x2  
  48  4:38  SCV x2  
  48  4:42  Marine  
  50  4:47  Marine x2  
  50  4:50  SCV x2  
  50  4:51  Cyclone  
  54  4:55  Engineering Bay, Refinery  
  54  4:57  Combat Shield, Marine  
  55  5:01  Marine  
  55  5:02  SCV  
  55  5:03  SCV  
  55  5:04  Marine x2  
  55  5:06  Supply Depot  
  59  5:15  SCV x2  
  59  5:17  Marine  
  59  5:18  Supply Depot  
  62  5:21  Missile Turret  
  62  5:23  Missile Turret  
  62  5:24  Terran Infantry Weapons Level 1  
  62  5:28  SCV x2, Marine x3  
  66  5:36  Marine  
  66  5:40  SCV x2  
  66  5:42  Factory Reactor  
  67  5:43  Starport  
  67  5:45  Marine x3  
  67  5:46  Supply Depot, Refinery  
  70  5:52  SCV x2  
  70  5:54  Marine  
  70  5:55  Refinery  
  73  6:03  Marine x3  
  76  6:04  SCV x2  
  78  6:11  Marine  
  78  6:16  Supply Depot, SCV x2  
  79  6:21  Marine x3  
  79  6:28  SCV x2  
  79  6:29  Marine  
  81  6:33  Factory Reactor  
  81  6:35  Medivac x2  
  85  6:41  SCV x2  
  85  6:44  Command Center  
  87  6:49  Marine x2  
  87  6:50  Marauder x2  
  90  6:56  SCV x2  
  90  7:07  Marine x2, Medivac x2  
  91  7:11  Marauder x2  
  89  7:16  SCV x2  
  89  7:19  Barracks x2  
  89  7:25  Marine  
  90  7:30  Marine  
  90  7:31  Widow Mine  
  90  7:32  Terran Infantry Armor Level 1  
  93  7:42  Marauder, Widow Mine  
  93  7:43  Marine  
  93  7:44  Marauder  
  94  7:48  Marine  
  88  7:54  Widow Mine, Medivac x2  
  88  7:55  SCV  
  88  7:56  SCV  
  88  7:57  Orbital Command  
  92  8:00  Missile Turret  
  92  8:01  Marine  
  92  8:03  Widow Mine  
  92  8:04  Marauder  
  92  8:05  Marauder  
  99  8:08  SCV x2  
  99  8:09  Barracks Tech Lab, Barracks Reactor  
  101  8:16  Marine  
  101  8:18  Marine  
  99  8:22  Widow Mine  
  99  8:23  SCV x2  
  99  8:24  Widow Mine, Medivac  
  99  8:25  SCV  
  108  8:29  Armory  
  108  8:30  Supply Depot, Engineering Bay  
  108  8:31  Supply Depot  
  108  8:38  Marine  
  109  8:41  Supply Depot  
  109  8:51  Marine x3  
  109  8:52  SCV, Marauder x2  
  109  8:53  SCV x2, Marauder  
  121  8:56  Widow Mine x2  
  121  8:59  Supply Depot  
  121  9:00  Supply Depot, Medivac  
  121  9:01  Medivac  
  125  9:04  SCV  
  125  9:05  SCV x2, Marine  
  125  9:06  Concussive Shells  
  125  9:09  Marine x3  
  132  9:10  Refinery  
  132  9:12  Refinery  
  132  9:16  SCV  
  133  9:17  Ghost Academy  
  133  9:19  Marauder x2  
  133  9:21  Marauder  
  133  9:23  Marine, Widow Mine x2  
  136  9:27  Marine x2  
  125  9:32  Marine  
  122  9:40  Marine  
  122  9:41  Marauder x2  
  122  9:42  Marine  
  122  9:44  Widow Mine  
  122  9:45  Marine  
  129  9:50  Marine x2  
  127  9:55  Terran Infantry Weapons Level 2  
  127  9:58  Marine  
  119  10:00  Marauder  
  119  10:02  SCV x3, Marauder  
  119  10:08  Marauder  
  119  10:11  Widow Mine x2  
  119  10:14  SCV  
  119  10:15  SCV  
  119  10:20  Marine  
  115  10:22  Marauder  
  115  10:23  Marauder  
  117  10:29  SCV x3, Marauder  
  117  10:32  Widow Mine  
  124  10:40  Marine x4  
  119  10:43  Marauder  
  119  10:45  Marauder  
  119  10:49  Medivac x2  
  124  10:50  SCV x3, Marauder  
  124  10:55  Widow Mine x2  
  131  11:02  Command Center  
  131  11:03  Marine x2  
  133  11:04  Marauder  
  133  11:06  Marauder  
  137  11:12  Marauder  
  137  11:14  Marine x2  
  137  11:16  Widow Mine x2  
  137  11:18  Supply Depot  
  145  11:19  Supply Depot, Medivac  
  145  11:20  Medivac  
  149  11:27  Marine x2  
  149  11:29  Supply Depot, Marauder  
  140  11:33  Terran Infantry Armor Level 2  
  138  11:40  Marine x2  
  138  11:41  Marauder x2  
  138  11:45  Marine x2  
  138  11:53  Viking x2  
  131  11:57  Widow Mine x2  
  131  11:59  Ghost  
  134  12:01  Ghost  
  134  12:03  Bunker  
  134  12:08  Marine x2, Ghost  
  126  12:19  SCV  
  126  12:20  SCV  
  110  12:26  Marine x4  
  110  12:27  Ghost  
  110  12:28  Medivac x2  
  114  12:35  Widow Mine x2  
  114  12:36  Marauder  
  111  12:37  Marine  
  112  12:48  Barracks  
  112  12:49  Barracks  
  112  12:58  Marine x4, Marauder x2  
  109  12:59  Marauder, Widow Mine  
  109  13:04  Medivac  
  109  13:05  Medivac  
  119  13:06  Planetary Fortress  
  116  13:19  Marine x4  
  114  13:20  Marauder x3  
  114  13:23  Widow Mine x2  
  114  13:26  SCV x2  
  121  13:28  SCV  
  122  13:34  Medivac  
  122  13:38  SCV x2  
  122  13:40  SCV  
  131  13:41  Marauder x2  
  131  13:43  Barracks Tech Lab  
  131  13:44  Marine x2, Barracks Reactor  
  131  13:47  Viking  
  135  13:49  SCV  
  135  13:50  SCV x2  
  138  14:01  SCV x2  
  138  14:05  Missile Turret, Marauder x2  
  138  14:10  Marine x4  
  134  14:21  Marine x2, Marauder x2  
  138  14:26  Marauder, Viking  
  138  14:28  Viking  
  144  14:32  Marine, Marauder  
  146  14:41  Marine x2  
  146  14:42  Marauder  
  150  14:47  Marine x2  
  150  14:48  Marauder x2  
  156  15:01  Viking x2  
  156  15:02  Ghost  
  156  15:04  Marauder  
  160  15:14  Ghost x2  
  160  15:18  Supply Depot  
  164  15:22  Marine x2  
  164  15:23  Marine  
  164  15:25  Marauder  
  167  15:29  Widow Mine x2  
  167  15:32  Marine x3  
  167  15:34  Marine  
Tags
 
Add a new tag
Caveats
  • Supply blocks, unpowered buildings, or Contaminate may cause inaccurate times.
  • Supply counts are checked every 10 seconds.